 Dungeon Crawl Stone Soup version 0.29-a0-613-gf2c431b9b9 (webtiles) character file.

Game seed: 10258922954964295762

834 zeratav the Tainter (level 7, 0/41 HPs)
             Began as an Octopode Venom Mage on June 16, 2022.
             Slain by a water moccasin (7 damage)
             ... on level 5 of the Dungeon.
             The game lasted 00:11:07 (5739 turns).

zeratav the Tainter (Octopode Venom Mage)           Turns: 5739, Time: 00:11:08

Health: 0/41       AC:  1    Str:  8    XL:     7   Next: 98%
Magic:  14/14      EV: 13    Int: 19    God:
Gold:   215        SH:  0    Dex: 12    Spells: 10/15 levels left

rFire   . . .      SeeInvis .   l - +4 short sword (venom) {short}
rCold   . . .      Faith    .   (no shield)
rNeg    . . .      Spirit   .   (helmet restricted)
rPois   .          Reflect  .   (no amulet)
rElec   .          Harm     .   (no ring)
rCorr   .          Rampage  .   (no ring)
Will    .....                   (no ring)
Stlth   +++.......              (no ring)
HPRegen 0.13/turn               (no ring)
MPRegen 0.14/turn               (no ring)
                                (no ring)
                                (no ring)

@: lethally poisoned (0 -> -19)
A: almost no armour, amphibious, 8 rings, camouflage 1, gelatinous body 1,
(nimble swimmer 1), tentacles
a: no special abilities


You were on level 5 of the Dungeon.
You visited 1 branch of the dungeon, and saw 5 of its levels.

You collected 235 gold pieces.
You spent 20 gold pieces at shops.


Innate Abilities, Weirdness & Mutations

You cannot wear most types of armour.
You are amphibious.
You can wear up to eight rings at the same time.
Your skin changes colour to match your surroundings (Stealth+).
Your rubbery body absorbs attacks. (AC +1, EV +1)
((You are camouflaged when in or above water. (Stealth+)))
You have tentacles for arms and can constrict up to eight enemies at once.


   Skills:
 - Level 2.0 Dodging
 - Level 2.6 Stealth
 + Level 4.9 Spellcasting
 - Level 1.0 Transmutations
 * Level 9.3 Poison Magic


You had 10 spell levels left.
You knew the following spells:

 Your Spells              Type           Power      Damage    Failure   Level
a - Sting                 Tmut/Pois      96%        1d7       1%          1
b - Olgreb's Toxic Radia  Pois           40%        N/A       2%          4

Your spell library contained the following spells:

 Spells                   Type           Power      Damage    Failure   Level
 Poisonous Vapours        Pois/Air       44%        N/A       2%          2
 Mephitic Cloud           Conj/Pois/Air  16%        N/A       11%         3
 Apportation              Tloc           8%         N/A       13%         1
 Necrotize                Necr           16%        1d4       13%         1
 Summon Small Mammal      Summ           16%        N/A       13%         1

Inventory:

Hand Weapons
 l - a +4 short sword of venom (weapon) {short}
   (You took it off a kobold on level 2 of the Dungeon)
Missiles
 k - 5 datura-tipped darts {throwing}
Jewellery
 e - a ring of resist corrosion
   (You found it on level 3 of the Dungeon)
Wands
 v - a wand of iceblast (7)
   (You found it on level 5 of the Dungeon)
Scrolls
 b - a scroll of blinking {!r}
 c - a scroll of torment {!r}
 f - 2 scrolls of poison {!r}
 g - 2 scrolls of teleportation {unknown}
 h - a scroll of enchant armour {unknown}
 j - a scroll of vulnerability {!r!r}
 n - 3 scrolls of magic mapping {!r}
 r - 2 scrolls of immolation {!r!r}
 s - a scroll of brand weapon
 t - a scroll of fear {unknown}
 u - a scroll of summoning {unknown}
Potions
 a - a potion of magic
 d - 2 potions of flight {unknown}
 i - a potion of lignification {unknown}
 m - a potion of heal wounds {unknown}
 o - 2 potions of curing {unknown}
 p - a potion of might {unknown}
 q - a potion of brilliance {unknown}

Dungeon Overview and Level Annotations

Branches:
Dungeon (5/15) Zot: 24252
 Temple: D:4-7

Altars:
Elyvilon
Sif Muna

Shops:
D:3 ?

Annotations:
D:4 1 runed translucent door, Phlounder's ghost, amateur OgCA

#.# #.# ########### #.#
#.........# #.#
#.........# #
#....^....# # #
#.........########..
...#.#
#####...).....##.S....#
......
....'.....)...''@.....+
......
.####.....)...##......#
####.. .#
#.........##......# #..
.# ############...[..#
##. .# #......# .. .#
#.$....# #. ### .#
#......# #.. .#
#......# #.. .#
#..######


You could see a water moccasin.


Message History

There is an open door, spattered with blood here.
Things that are here:
a +0 whip {mace}; a +0 leather armour You see here a +0 flail {mace}.
There is an open door here.
You open the door.
An orc wizard and an orc come into view.
There is an open door here.
An orc wizard comes into view. It is wielding a +0 dagger.
You see here 17 gold pieces.
Casting: Sting (safe; 1% risk of failure)
Confirm with . or Enter, or press ? or * to list all spells.
You begin to radiate toxic energy.
The orc wizard is poisoned.
The orc wizard shouts!
The orc wizard is poisoned.
The orc shouts!
The orc is poisoned.
The orc wizard looks even sicker. x2
The orc wizard gestures at you while chanting.
You are confused.
MP[-4]
You lost 4 mp, and now have 10/14 mp.
You bump into the rock wall.
The orc wizard looks even sicker.
You kill the orc!
Your toxic aura wanes.
You're too confused to move!
The orc wizard enters a dispersal trap!
The orc wizard blinks! x3
You blink.
The orc wizard blinks!
The orc wizard points at you and mumbles some strange words.
You resist with some effort.
The orc wizard gestures at you while chanting.
The puff of flame misses you.
You feel less confused.
The orc wizard hits you with a +0 dagger.
HP[-5] MP[+1]
You take 5 damage, and now have 36/41 hp.
Casting: Olgreb's Toxic Radiance (dangerous; 3% risk of failure)
Confirm with . or Enter, or press ? or * to list all spells.
You begin to radiate toxic energy.
The orc wizard looks even sicker. x2
The orc wizard looks as sick as possible!
You kill the orc wizard!
The orc wizard casts a spell at you. You resist with some effort.
MP[-4]
You lost 4 mp, and now have 7/14 mp.
You hit the orc wizard.
The orc wizard looks as sick as possible!
You grab the orc wizard. Your squeeze misses the orc wizard.
You kill the orc wizard!
Your toxic aura wanes.
Things that are here:
a +0 dagger {short}; a +0 robe HP[+1] MP[+1]
You now have 215 gold pieces (gained 17).
You start resting.
HP[+4] MP[+6]
Your hp is fully restored (41).
Your mp is fully restored (14).
Things that are here:
a +0 dagger {short}; a +0 robe; an orc corpse You open the large door.
A water moccasin comes into view.
You close the large door.
You open the large door.
There is a large open door here.
There is a large open door here.
The helpless water moccasin fails to defend itself.
You hit the water moccasin. Your grab misses the water moccasin.
Your squeeze misses the water moccasin. The water moccasin bites you.
HP[-4]
You take 4 damage, and now have 37/41 hp.
You miss the water moccasin. Your grab misses the water moccasin.
Your squeeze misses the water moccasin. The water moccasin bites you!
The water moccasin bites you.
HP[-11]
You take 11 damage, and now have 26/41 hp.
MASSIVE DAMAGE!! (PAUSE)
You barely miss the water moccasin. Your grab misses the water moccasin.
Your tentacle-slap misses the water moccasin.
The water moccasin misses you. x2
You hit the water moccasin. Your grab misses the water moccasin.
The water moccasin barely misses you.
HP[+1]
You barely miss the water moccasin. Your grab misses the water moccasin.
You squeeze the water moccasin. The water moccasin bites you!
* * * LOW HITPOINT WARNING * * *
The water moccasin bites you.
* * * LOW HITPOINT WARNING * * *
HP[-11]
You take 11 damage, and now have 16/41 hp.
MASSIVE DAMAGE!! (PAUSE)
You hit the water moccasin. Your grab misses the water moccasin.
You squeeze the water moccasin.
The water moccasin completely misses you.
You hit the water moccasin. Your grab misses the water moccasin.
Your tentacle-slap misses the water moccasin.
Your squeeze misses the water moccasin. The water moccasin bites you!
* * * LOW HITPOINT WARNING * * *
You are lethally poisoned!
The water moccasin poisons you! The water moccasin bites you!
You die...

Skill      XL: |  1  2  3  4  5  6  7 |
---------------+----------------------+-----
Poison Magic   | 4 5 6 8 9 |  9.3
Spellcasting   | 3 4 |  4.9
Dodging        | |  2.0
Stealth        | |  2.6
Transmutations | |  1.0

Action                   |  1- 3 |  4- 6 |  7- 9 || total
-------------------------+-------+-------+-------++-------
Melee: Dagger            |     9 |       |       ||     9
       Constrict         |     6 |     8 |     3 ||    17
       Short sword       |    13 |    60 |    19 ||    92
       Tentacles         |     1 |    15 |     6 ||    22
       Punch             |       |     1 |       ||     1
Throw: Dart              |     1 |     4 |       ||     5
 Cast: Sting             |    30 |    13 |     1 ||    44
       Olgreb's Toxic Ra |       |     7 |    10 ||    17
  Use: Scroll            |       |     6 |       ||     6
 Stab: Sleeping          |     6 |     5 |     2 ||    13
       Held in net/web   |       |     1 |       ||     1
       Distracted        |       |       |     1 ||     1
Armor: Skin              |       |     2 |       ||     2
Dodge: Dodged            |    23 |    28 |    10 ||    61

Levels and vault maps discovered:
D:1:      co_arrival_square_in_a_square_in_a_square, layout_loops_ring,
          shapermc_ecumenical_altar_mp_ritualfount, minmay_hexomino_p4
D:2:      layout_basic
D:3:      layout_loops_cross, nicolae_elyvilon_temple_path, serial_shops,
          nicolae_shop_advertising_works [nicolae_subvault_shop_adworks],
          uniq_jessica
D:4:      layout_rooms, nicolae_sif_muna_little_library,
          ebering_ghost_inner_flame, minmay_misc_feat_chi, chequers_big_river,
          minivault_26
D:5:      layout_basic, mainiacjoe_overflow_tiny_flanked

Notes
Turn   | Place    | Note
-------+----------+-------------------------------------------
     0 | D:1      | zeratav the Octopode Venom Mage began the quest for the
                  | Orb.
     0 | D:1      | Reached XP level 1. HP: 11/11 MP: 3/3
     0 | D:1      | magus.rc [v1.9.6]
   197 | D:1      | Reached skill level 4 in Poison Magic
   403 | D:1      | Reached XP level 2. HP: 17/17 MP: 1/5
   599 | D:1      | You pick up a book of Cantrips and begin reading...
   599 | D:1      | You add the spells Necrotize, Summon Small Mammal and
                  | Apportation to your library.
  1031 | D:1      | Found a faded altar of an unknown god.
  1824 | D:2      | Reached XP level 3. HP: 21/21 MP: 3/6
  2408 | D:3      | Noticed Jessica
  2414 | D:3      | Killed Jessica
  2415 | D:3      | Reached skill level 5 in Poison Magic
  2415 | D:3      | Reached XP level 4. HP: 23/27 MP: 6/8
  3049 | D:3      | Found Tedaegerph's Magic Scroll Shop.
  3059 | D:3      | Bought a scroll of identify for 20 gold pieces
  3098 | D:3      | Found a white marble altar of Elyvilon.
  3357 | D:4      | Found a runed translucent door.
  3359 | D:4      | Noticed Phlounder's ghost (amateur OgCA)
  3387 | D:4      | Noticed a scorpion
  3395 | D:4      | Killed a scorpion
  3396 | D:4      | Reached skill level 3 in Spellcasting
  3396 | D:4      | Reached skill level 6 in Poison Magic
  3396 | D:4      | Reached XP level 5. HP: 30/31 MP: 9/9
  3647 | D:4      | Noticed a phantom
  3977 | D:4      | Reached XP level 6. HP: 34/36 MP: 11/11
  4142 | D:4      | HP: 8/36 [phantom (5)]
  4145 | D:4      | Reached skill level 7 in Poison Magic
  4503 | D:4      | Noticed a black bear
  4516 | D:4      | Learned a level 4 spell: Olgreb's Toxic Radiance
  4526 | D:4      | Killed a black bear
  4527 | D:4      | Reached skill level 4 in Spellcasting
  4632 | D:4      | Found a shimmering blue altar of Sif Muna.
  4820 | D:5      | Entered Level 5 of the Dungeon
  4913 | D:5      | Noticed a black bear
  4922 | D:5      | Killed a black bear
  4923 | D:5      | Reached skill level 8 in Poison Magic
  4923 | D:5      | Reached XP level 7. HP: 41/41 MP: 0/13
  5532 | D:5      | Reached skill level 9 in Poison Magic
  5739 | D:5      | HP: 7/41 [water moccasin (9)]
  5739 | D:5      | Slain by a water moccasin

Vanquished Creatures
  2 black bears
  An ogre (D:5)
  A phantom (D:4)
  A scorpion (D:4)
  2 hounds (D:5)
  A jelly (D:5)
  2 gnoll shamans
  Jessica (D:3)
  An iguana (D:5)
  2 orc wizards (D:5)
  7 gnolls
  3 adders (D:4)
  A white imp (D:5)
  2 ufetubi
  A worm (D:2)
  2 dart slugs (D:2)
  8 orcs
  7 endoplasms
  2 giant cockroaches (D:4)
  5 goblins
  2 hobgoblins (D:1)
  6 quokkas
  5 ball pythons
  4 frilled lizards
  4 kobolds
  A rat (D:2)
74 creatures vanquished.

Vanquished Creatures (collateral kills)
  2 gnolls (D:4)
  An endoplasm (D:2)
  A hobgoblin (D:4)
  A bat (D:2)
  A kobold (D:4)
6 creatures vanquished.

Vanquished Creatures (others)
  A gnoll (D:4)
1 creature vanquished.

Grand Total: 81 creatures vanquished

Table legend:
 A = Non-vault XP
 B = Vault XP
 C = Vault XP percentage of total XP
 D = Non-vault monster count
 E = Vault monster count
 F = Vault count percentage of total count
                 A         B        C        D         E       F
            +---------+---------+-------+---------+---------+-------
      Total |    1148 |      44 |   3.7 |      75 |       5 |   6.2
            +---------+---------+-------+---------+---------+-------
        D:1 |      16 |       7 |  30.4 |      10 |       4 |  28.6
        D:2 |      26 |       0 |   0.0 |      13 |       0 |   0.0
        D:3 |      25 |      37 |  59.7 |       6 |       1 |  14.3
        D:4 |     459 |       0 |   0.0 |      23 |       0 |   0.0
        D:5 |     622 |       0 |   0.0 |      23 |       0 |   0.0
            +---------+---------+-------+---------+---------+-------

Illustrated notes

Table legend:
 A = Kills in this place as a percentage of kills in entire the game.
 B = Kills by you in this place as a percentage of kills by you in the entire game.
 C = Kills by friends in this place as a percentage of kills by friends in the entire game.
 D = Other kills in this place as a percentage of other kills in the entire game.
 E = Experience gained in this place as a percentage of experience gained in the entire game.
 F = Experience gained in this place divided by the number of levels of this place that you have seen.
                   A       B       C       D       E      F
               +-------+-------+-------+-------+-------+----------------------
         Total | 100.0 | 100.0 | 100.0 |   N/A | 100.0 | 238.4
       Dungeon | 100.0 | 100.0 | 100.0 |   N/A | 100.0 | 238.4
               +-------+-------+-------+-------+-------+----------------------

Table legend: (Time is in decaauts)
 A = Elapsed time spent in this place.
 B = Non-inter-level travel time spent in this place.
 C = Inter-level travel time spent in this place.
 D = Time resting spent in this place.
 E = Time spent auto-exploring this place.
 F = Levels seen in this place.
 G = Mean time per level.
                   A        B        C        D        E       F      G
               +--------+--------+--------+--------+--------+-----+--------+
         Total |   5746 |   5508 |    238 |   1796 |   2706 |   5 | 1149.2 |
       Dungeon |   5746 |   5508 |    238 |   1796 |   2706 |   5 | 1149.2 |
               +--------+--------+--------+--------+--------+-----+--------+

Top non-repeatable levels by time:
     D:4: 1530 daAuts
     D:1: 1356 daAuts
     D:2: 1051 daAuts
     D:5: 920 daAuts
     D:3: 887 daAuts
